 Dungeon Crawl Stone Soup version 0.30-a0-939-gc8157cb160 (webtiles) character file.

Game seed: 8422544117160360168

45 NotreDorf the Chopper (level 3, -6/31 HPs)
             Began as a Gnoll Reaver on Mar 25, 2023.
             Killed from afar by Natasha (11 damage)
             ... with a magic dart
             ... on level 2 of the Dungeon.
             The game lasted 00:03:34 (1217 turns).

NotreDorf the Chopper (Gnoll Reaver)                Turns: 1217, Time: 00:03:34

Health: -6/31      AC:  4    Str: 13    XL:     3   Next: 64%
Magic:  9/9        EV: 12    Int: 12    God:
Gold:   87         SH:  0    Dex: 10    Spells: 6/12 levels left

rFire   . . .      SeeInvis .    a - +0 hand axe
rCold   . . .      Faith    .    (no shield)
rNeg    . . .      Spirit   .    b - +0 leather armour
rPois   .          Reflect  .    (no helmet)
rElec   .          Rampage  .    (no cloak)
rCorr   .                        (no gloves)
Will    .....                    e - +0 pair of boots
Stlth   +                        (no amulet)
HPRegen 0.25/turn                (no ring)
MPRegen 0.11/turn                (no ring)

@: no status effects
A: fangs 1, strong nose, distributed training
a: no special abilities


You were on level 2 of the Dungeon.
You visited 1 branch of the dungeon, and saw 2 of its levels.

You collected 87 gold pieces.

Inventory:

Hand Weapons
 a - a +0 hand axe (weapon)
Missiles
 d - 5 silver boomerangs
 i - 2 boomerangs
Armour
 b - a +0 leather armour (worn)
 e - a +0 pair of boots (worn)
 j - a +0 scale mail of poison resistance
Magical Staves
 k - a staff of poison
Scrolls
 g - 2 scrolls of identify {unknown}
 h - a scroll of blinking {unknown}
Potions
 c - a potion of invisibility {unknown}
 f - a potion of brilliance {unknown}


   Skills:
 + Level 4.6 Fighting
 + Level 1.0 Short Blades
 + Level 1.0 Long Blades
 + Level 6.5 Axes
 + Level 1.0 Maces & Flails
 + Level 1.0 Polearms
 + Level 1.0 Staves
 + Level 1.0 Ranged Weapons
 + Level 1.0 Throwing
 + Level 1.0 Armour
 + Level 4.6 Dodging
 + Level 1.0 Stealth
 + Level 1.0 Shields
 + Level 1.0 Unarmed Combat
 + Level 5.0 Spellcasting
 + Level 5.4 Conjurations
 + Level 0.7 Hexes
 + Level 0.7 Summonings
 + Level 0.7 Necromancy
 + Level 0.7 Translocations
 + Level 0.7 Transmutations
 + Level 0.7 Fire Magic
 + Level 0.7 Ice Magic
 + Level 0.7 Air Magic
 + Level 0.7 Earth Magic
 + Level 0.7 Poison Magic
 + Level 1.0 Invocations
 + Level 1.0 Evocations


You had 6 spell levels left.
You knew the following spells:

 Your Spells              Type           Power      Damage    Failure   Level
a - Kiss of Death         Conj/Necr      40%        2d8       7%          1
b - Hailstorm             Conj/Ice       10%        3d5       22%         3
c - Momentum Strike       Conj/Tloc      20%        3d8       11%         2

Your spell library contained the following spells:

 Spells                   Type           Power      Damage    Failure   Level


Dungeon Overview and Level Annotations

Branches:
Dungeon (2/15)

Altars:

Annotations:
D:2 Natasha


Innate Abilities, Weirdness & Mutations

You have very sharp teeth.
Your uncanny sense of smell can sniff out nearby items.
Your experience applies equally to all skills.


Message History

You closely miss the shadow imp. You hit the giant cockroach.
The shadow imp completely misses you.
Natasha stares at you and mumbles some strange words.
The magic dart hits you. The giant cockroach barely misses you.
You closely miss Natasha.
Natasha is almost dead.
You hit the giant cockroach but do no damage.
You hit the shadow imp but do no damage.
The shadow imp completely misses you. Natasha claws you.
* * * LOW HITPOINT WARNING * * *
The giant cockroach barely misses you.
You hit Natasha. Your bite misses Natasha.
Natasha is almost dead.
You hit the shadow imp. You hit the giant cockroach.
You kill the giant cockroach!
The shadow imp closely misses you. Natasha closely misses you.
Your Short Blades skill increases to level 1!
Your Long Blades skill increases to level 1!
Your Maces & Flails skill increases to level 1!
Your Polearms skill increases to level 1!
Your Staves skill increases to level 1!
Your Ranged Weapons skill increases to level 1!
Your Throwing skill increases to level 1!
Your Armour skill increases to level 1!
Your Stealth skill increases to level 1!
Your Shields skill increases to level 1!
Your Unarmed Combat skill increases to level 1!
Your Evocations skill increases to level 1!
You barely miss Natasha.
Natasha is almost dead.
You barely miss the shadow imp. Natasha casts a spell at you.
You resist with significant effort. The shadow imp hits you.
* * * LOW HITPOINT WARNING * * *
You hit Natasha but do no damage.
Natasha is almost dead.
You closely miss the shadow imp. The shadow imp closely misses you.
Natasha stares at you and mumbles some strange words.
The magic dart hits you!
You die...

.........
.....##.#
.........
.........
.........
........
##.......
........#+##
#.######
..##.......#
#+######
#?.........#
.......
#....h...# .
..###..
#....@...# .
###..
#.....5..#.#
#....
#....$...#.#
#....
##..........#
#....
..(.........##
###..
###+####...## #..
#..## #.####..
#..# #.......
#.>########......


You could see Natasha and a shadow imp (summoned).

Vanquished Creatures
  An adder (D:2)
  2 dart slugs
  4 bats (D:1)
  An endoplasm (D:1)
  3 giant cockroaches
  2 goblins (D:1)
  2 hobgoblins (D:1)
  3 jackals (D:1)
  2 quokkas
  3 ball pythons
  3 frilled lizards
  2 kobolds
  2 rats (D:1)
30 creatures vanquished.

Notes
Turn   | Place    | Note
-------+----------+-------------------------------------------
     0 | D:1      | NotreDorf the Gnoll Reaver began the quest for the Orb.
     0 | D:1      | Reached XP level 1. HP: 20/20 MP: 6/6
   103 | D:1      | Reached XP level 2. HP: 24/26 MP: 7/7
   480 | D:1      | Reached skill level 5 in Spellcasting
   480 | D:1      | Reached XP level 3. HP: 31/31 MP: 7/9
   813 | D:1      | Learned a level 3 spell: Hailstorm
   816 | D:1      | Learned a level 2 spell: Momentum Strike
   984 | D:2      | Reached skill level 1 in Invocations
  1198 | D:2      | Noticed Natasha
  1216 | D:2      | Reached skill level 1 in Short Blades
  1216 | D:2      | Reached skill level 1 in Long Blades
  1216 | D:2      | Reached skill level 1 in Maces & Flails
  1216 | D:2      | Reached skill level 1 in Polearms
  1216 | D:2      | Reached skill level 1 in Staves
  1216 | D:2      | Reached skill level 1 in Ranged Weapons
  1216 | D:2      | Reached skill level 1 in Throwing
  1216 | D:2      | Reached skill level 1 in Armour
  1216 | D:2      | Reached skill level 1 in Stealth
  1216 | D:2      | Reached skill level 1 in Shields
  1216 | D:2      | Reached skill level 1 in Unarmed Combat
  1216 | D:2      | Reached skill level 1 in Evocations
  1217 | D:2      | Killed from afar by Natasha

Illustrated notes

Levels and vault maps discovered:
D:1:      dpeg_arrival_more_subterranean_lakeside_camping, layout_basic
D:2:      layout_basic, uniq_natasha, uniq_crazy_yiuf_cottage

Skill      XL: |  1  2  3 |
---------------+----------+-----
Spellcasting   | 5 |  5.0
Invocations    | 1 |  1.0
Short Blades   | 1 |  1.0
Long Blades    | 1 |  1.0
Maces & Flails | 1 |  1.0
Polearms       | 1 |  1.0
Staves         | 1 |  1.0
Ranged Weapons | 1 |  1.0
Throwing       | 1 |  1.0
Armour         | 1 |  1.0
Stealth        | 1 |  1.0
Shields        | 1 |  1.0
Unarmed Combat | 1 |  1.0
Evocations     | 1 |  1.0
Fighting       | |  4.6
Axes           | |  6.5
Dodging        | |  4.6
Conjurations   | |  5.4
Hexes          | |  0.7
Summonings     | |  0.7
Necromancy     | |  0.7
Translocations | |  0.7
Transmutations | |  0.7
Fire Magic     | |  0.7
Ice Magic      | |  0.7
Air Magic      | |  0.7
Earth Magic    | |  0.7
Poison Magic   | |  0.7

Action                     || total
---------------------------++-------
  Melee: Hand axe          ||   128
         Bite              ||     7
         Punch             ||     1
 Armour: Leather armour    ||    34
  Dodge: Dodged            ||    72

Table legend: (Time is in decaauts)
 A = Elapsed time spent in this place.
 B = Non-inter-level travel time spent in this place.
 C = Inter-level travel time spent in this place.
 D = Time resting spent in this place.
 E = Time spent auto-exploring this place.
 F = Levels seen in this place.
 G = Mean time per level.
                   A        B        C        D        E       F      G
               +--------+--------+--------+--------+--------+-----+--------+
         Total |   1213 |   1192 |     21 |      0 |    908 |   2 |  606.5 |
       Dungeon |   1213 |   1192 |     21 |      0 |    908 |   2 |  606.5 |
               +--------+--------+--------+--------+--------+-----+--------+

Top non-repeatable levels by time:
     D:1: 835 daAuts
     D:2: 378 daAuts
